 Dungeon Crawl Stone Soup version 0.31-a0-977-gc230f8ef24 (webtiles) character file.

Game seed: 5679227840747763165

112 Shayle the Ducker (level 4, -2/27 HPs)
             Began as a Tengu Hexslinger on Oct 29, 2023.
             Slain by a sleepcap (8 damage)
             ... on level 4 of the Dungeon.
             The game lasted 00:03:31 (2094 turns).

Shayle the Ducker (Tengu Hexslinger)                Turns: 2094, Time: 00:03:32

Health: -2/27      AC:  4    Str: 17    XL:     4   Next: 93%
Magic:  6/6        EV:  2    Int: 16    God:
Gold:   223        SH:  0    Dex: 16    Spells: 3/5 levels left

rFire   . . .        a - +1 sling
rCold   . . .        (no shield)
rNeg    . . .        t - +0 leather armour of Asmubbi {rElec Str+3}
rPois   .            (helmet restricted)
rElec   +            (no cloak)
rCorr   .            r - +0 pair of gloves
SInv    .            (boots unavailable)
Will    .....        (no amulet) Stlth
                     j - +6 ring of strength
HPRegen 0.00/turn    u - +5 ring of evasion
MPRegen 0.10/turn

%: acrobat
@: silenced, sleeping, inhibited regen
A: beak, talons 3, acrobatic, inhibited regeneration
a: no special abilities


You were on level 4 of the Dungeon.
You visited 1 branch of the dungeon, and saw 4 of its levels.

You collected 223 gold pieces.

Inventory:

Hand Weapons
 a - a +1 sling (weapon)
Missiles
 s - 2 boomerangs
Armour
 c - a +0 robe
 r - a +0 pair of gloves (worn)
 t - the +0 leather armour of Asmubbi (worn) {rElec Str+3}
   (You found it on level 3 of the Dungeon)

   Str+3:     It affects your strength (+3).
   rElec:     It insulates you from electricity.
Jewellery
 j - a +6 ring of strength (left hand)
 p - a ring of protection from fire
 u - a +5 ring of evasion (right hand)
 v - a +6 ring of intelligence
Wands
 y - a wand of flame (9)
Scrolls
 b - a scroll of poison
 e - a scroll of teleportation {unknown}
 f - 3 scrolls of identify
 k - 2 scrolls of torment
 m - a scroll of immolation {unknown}
 q - a scroll of butterflies {unknown}
 w - a scroll of noise {unknown}
Potions
 d - a potion of might {unknown}
 i - a potion of curing {unknown}
 l - a potion of mutation
 n - a potion of attraction {unknown}
 o - a potion of invisibility {unknown}
 x - a potion of degeneration {unknown}


   Skills:
 + Level 2.7 Fighting
 - Level 2.1 Ranged Weapons
 + Level 3.5 Dodging
 + Level 2.5 Unarmed Combat
 - Level 1.0 Spellcasting
 - Level 2.1 Hexes
 - Level 1.1 Fire Magic


You had 3 spell levels left.
You knew the following spells:

 Your Spells              Type           Power      Damage    Failure   Level
a - Jinxbite              Hex            14%        N/A       17%         2

Your spell library contained the following spells:

 Spells                   Type           Power      Damage    Failure   Level
 Foxfire                  Conj/Fire      8%         2x1d4     22%         1
 Sigil of Binding         Hex            7%         N/A       34%         3
 Inner Flame              Hex/Fire       6%         N/A       41%         3
 Cause Fear               Hex            3%         N/A       75%         4
 Dimensional Bullseye     Hex/Tloc       2%         N/A       87%         4
 Plasma Beam              Fire/Air       1%         2x1d11    100%        6
 Starburst                Conj/Fire      1%         6d3       100%        6


Dungeon Overview and Level Annotations

Branches:
Dungeon (4/15)
 Temple: D:4-7

Altars:

Shops:
D:2 (


Innate Abilities, Weirdness & Mutations

You have a beak for a mouth.
You have claws for feet.
You can magically evade attacks while moving or waiting.
You do not regenerate when monsters are visible.


Message History

A giggling sprite leaps out and smacks the hound with its own front paw.
The hound is severely wounded.
The jinxing sprites lose interest in you.
The hound barely misses you. The sleepcap releases spores at you!
You are engulfed in a cloud of soporific spores!
You fall asleep.
The hound bites you.
You wake up.
The sleepcap releases spores at you!
You are engulfed in a cloud of soporific spores!
You are unaffected.
Unknown command.
As you read the scroll labelled JAOFANUHUNI, it crumbles to dust.
It is a scroll of identify.
k - 2 scrolls of torment The hound bites you but does no damage.
The hound completely misses you. The sleepcap misses you.
Okay, then.
It was a potion of mutation.
You feel extremely strange.
Your regeneration stops near monsters.
The sleepcap seems less drained.
The hound closely misses you. The sleepcap completely misses you.
As you read the scroll labelled JULOP DAYN, it crumbles to dust.
You assume a fearsome visage.
The sleepcap is unaffected. x2
The hound looks frightened!
It was a scroll of fear.
The sleepcap completely misses you.
As you read the scroll labelled QUCLOSS YTAUL, it crumbles to dust.
A profound silence engulfs you.
It was a scroll of silence.
The hound seems less drained.
The sleepcap misses you. The sleepcap barely misses you.
The sleepcap attacks as it pursues you! The sleepcap misses you.
The sleepcap attacks as it pursues you! The sleepcap completely misses you.
The sleepcap attacks as it pursues you! The sleepcap completely misses you.
The sleepcap attacks as it pursues you! The sleepcap completely misses you.
The sleepcap attacks as it pursues you! The sleepcap misses you.
You feel your willpower return. The sleepcap attacks as it pursues you!
The sleepcap releases spores at you.
* * * LOW HITPOINT WARNING * * *
You are engulfed in a cloud of soporific spores!
You fall asleep.
The sleepcap releases spores at you!
You die...

#........# #........#
#........# #........#
#........## ##........##
######
#.........#####....#
#...........f......+
#........####f@....#.....
#........# ##.†...#....
#........# #.....+>..###
##############.....#.....#
#.......#####.....#
#.###...# #.....#
#.####..#####.....#
#........†........#
####.########.....#..


You could see 2 sleepcaps.

Vanquished Creatures
  An iguana (D:4)
  An adder (D:4)
  2 worms (D:3)
  3 dart slugs
  7 endoplasms
  2 giant cockroaches
  4 goblins
  3 hobgoblins
  6 jackals
  2 quokkas (D:1)
  7 ball pythons
  8 bats
  3 frilled lizards
  8 kobolds
  5 rats
62 creatures vanquished.

Notes
Turn   | Place    | Note
-------+----------+-------------------------------------------
     0 | D:1      | Shayle the Tengu Hexslinger began the quest for the Orb.
     0 | D:1      | Reached XP level 1. HP: 12/12 MP: 3/3
   152 | D:1      | Reached XP level 2. HP: 16/16 MP: 4/4
   160 | D:1      | Reached skill level 1 in Unarmed Combat
   868 | D:2      | Found Zash's Weapon Shoppe.
   888 | D:2      | Reached XP level 3. HP: 21/21 MP: 5/5
   914 | D:3      | Identified the +0 leather armour of Asmubbi {rElec Str+3}
   942 | D:3      | Learned a level 2 spell: Jinxbite
  1179 | D:2      | Reached skill level 3 in Dodging
  1486 | D:3      | Reached XP level 4. HP: 20/26 MP: 6/6
  2075 | D:4      | Gained mutation: You do not regenerate when monsters are
                  | visible. [potion of mutation]
  2094 | D:4      | Slain by a sleepcap

Illustrated notes

Levels and vault maps discovered:
D:1:      dpeg_arrival_rooms_b, layout_loops_ring, chequers_serial_rivers_room_a
D:2:      layout_rooms, serial_shops, nicolae_shop_crystal,
          minmay_joined_circles
D:3:      layout_basic
D:4:      layout_basic, serial_shops,
          nicolae_shop_temple_entry_statues_fountains,
          eino_small_chamber_without_monster, hellmonk_no_cap, uniq_grinder

Skill      XL: |  1  2  3 |
---------------+----------+-----
Unarmed Combat | 1 2 |  2.5
Fighting       | 2 |  2.7
Dodging        | 3 |  3.5
Ranged Weapons | |  2.1
Spellcasting   | |  1.0
Hexes          | |  2.1
Fire Magic     | |  1.1

Action                     |  1- 3 |  4- 6 || total
---------------------------+-------+-------++-------
   Fire: Sling             |   134 |    71 ||   205
   Cast: Jinxbite          |       |     2 ||     2
    Use: Scroll            |       |     3 ||     3
         Potion            |       |     1 ||     1
 Armour: Robe              |    10 |       ||    10
         Leather armour    |    19 |    19 ||    38
  Dodge: Dodged            |    79 |    86 ||   165

Table legend: (Time is in decaauts)
 A = Elapsed time spent in this place.
 B = Non-inter-level travel time spent in this place.
 C = Inter-level travel time spent in this place.
 D = Time resting spent in this place.
 E = Time spent auto-exploring this place.
 F = Levels seen in this place.
 G = Mean time per level.
                   A        B        C        D        E       F      G
               +--------+--------+--------+--------+--------+-----+--------+
         Total |   2156 |   2095 |     61 |    112 |   1486 |   4 |  539.0 |
       Dungeon |   2156 |   2095 |     61 |    112 |   1486 |   4 |  539.0 |
               +--------+--------+--------+--------+--------+-----+--------+

Top non-repeatable levels by time:
     D:1: 737 daAuts
     D:2: 661 daAuts
     D:3: 510 daAuts
     D:4: 247 daAuts
